 Dungeon Crawl Stone Soup version 0.29-a0-857-g9b1aa3ac5b (webtiles) character file.

Game seed: 1457964148913975822

58 nxtlvl the Cutter (level 3, -2/17 (22) HPs)
             Began as a Deep Elf Monk on July 16, 2022.
             Slain by a necrophage (6 damage)
             ... on level 4 of the Dungeon.
             The game lasted 00:09:33 (1606 turns).

nxtlvl the Cutter (Deep Elf Monk)                   Turns: 1606, Time: 00:09:35

HP:   -2/17 (22)    AC:  5    Str:  8    XL:     3   Next: 75%
MP:   5/5           EV: 13    Int: 16    God:
Gold: 164           SH:  0    Dex: 17    Spells: 2/2 levels left

rFire   . . .      SeeInvis .   a - +0 short sword
rCold   . . .      Faith    .   (no shield)
rNeg    . . .      Spirit   .   o - +0 robe
rPois   .          Reflect  .   (no helmet)
rElec   .          Harm     .   (no cloak)
rCorr   .          Rampage  .   (no gloves)
Will    .....                   j - +2 pair of boots
Stlth   ++........              (no amulet)
HPRegen 0.05/turn               (no ring)
MPRegen 0.09/turn               (no ring)

@: heavily drained
A: no striking features
a: no special abilities


You were on level 4 of the Dungeon.
You visited 1 branch of the dungeon, and saw 4 of its levels.

You collected 164 gold pieces.

Inventory:

Hand Weapons
 a - a +0 short sword (weapon)
Missiles
 e - 24 stones
 m - 2 poisoned darts (quivered)
Armour
 j - a +2 pair of boots (worn)
 o - a +0 robe (worn)
Magical Staves
 b - a staff of conjuration
Scrolls
 d - 2 scrolls of teleportation
 f - a scroll of vulnerability {unknown}
 h - a scroll of fog {unknown}
 i - a scroll of poison {unknown}
 l - 2 scrolls of enchant weapon {unknown}
Potions
 c - a potion of ambrosia
 g - a potion of haste
 n - a potion of heal wounds


   Skills:
 - Level 2.4 Fighting
 * Level 4.7 Short Blades
 - Level 3.6 Dodging
 - Level 2.4 Stealth


You had 2 spell levels left.
You didn't know any spells.
Your spell library contained the following spells:

 Spells                   Type           Power      Damage    Failure   Level
 Ensorcelled Hibernation  Hex/Ice        0%         N/A       36%         2
 Passwall                 Tmut/Erth      0%         N/A       36%         2
 Swiftness                Air            0%         N/A       58%         3


Dungeon Overview and Level Annotations

Branches:
Dungeon (4/15)
 Temple: D:4-7

Altars:
Gozag

Shops:
D:4 (

Annotations:
D:2 Robin


Message History

You don't know any spells.
Okay, then.
As you read the scroll labelled MINOUKHLUGE, it crumbles to dust.
It is a scroll of identify.
g - a potion of haste
As you read the scroll of identify, it crumbles to dust.
n - 2 potions of heal wounds You hit the necrophage but do no damage.
The necrophage hits you but does no damage.
You closely miss the necrophage.
The necrophage hits you but does no damage.
You hit the necrophage.
The necrophage is lightly damaged.
The necrophage hits you!
You hit the necrophage.
The necrophage is moderately damaged.
The necrophage hits you!
You feel drained.
You hit the necrophage.
The necrophage is moderately damaged.
The necrophage hits you but does no damage.
You feel much better. The necrophage hits you.
You feel drained.
You hit the necrophage but do no damage.
The necrophage is moderately damaged.
The necrophage barely misses you.
You barely miss the necrophage.
The necrophage is moderately damaged.
The necrophage hits you.
You feel drained.
You hit the necrophage.
The necrophage is moderately damaged.
You hit the necrophage.
The necrophage is moderately damaged.
The necrophage hits you.
You feel drained.
You hit the necrophage but do no damage.
The necrophage is moderately damaged.
The necrophage hits you.
* * * LOW HITPOINT WARNING * * *
You hit the necrophage.
The necrophage is heavily damaged.
The necrophage hits you.
You die...

# #.# #.# #.####.# #.#
...#.# #.#
######.#.############.###
.......†.........[.....>#
.......#.############.#.#
......(#.# #.#.#
!......#.# #.#.#
.....(.#@# #.#.#
.......n.# #.#.#
..!....### #.#.# .......
#...# ..... ###.# ..... .
#.# .... #. #.# .... #..
#.# #########.# #.###'#


You could see a necrophage.

Vanquished Creatures
  2 dart slugs
  2 orcs (D:4)
  4 ball pythons
  5 bats
  4 endoplasms
  5 giant cockroaches
  3 hobgoblins (D:1)
  3 jackals (D:3)
  4 kobolds
  3 quokkas (D:4)
  3 frilled lizards
  4 goblins
  4 rats
46 creatures vanquished.

Notes
Turn   | Place    | Note
-------+----------+-------------------------------------------
     0 | D:1      | nxtlvl the Deep Elf Monk began the quest for the Orb.
     0 | D:1      | Reached XP level 1. HP: 13/13 MP: 3/3
   141 | D:1      | Reached XP level 2. HP: 16/18 MP: 4/4
   434 | D:1      | Reached skill level 4 in Short Blades
   701 | D:2      | Noticed Robin
   719 | D:3      | Reached XP level 3. HP: 7/22 MP: 5/5
   788 | D:2      | HP: 1/22 [kobold/+0 club (4)]
  1192 | D:4      | Found Enem's Weapon Boutique.
  1373 | D:4      | Found an opulent altar of Gozag.
  1578 | D:4      | Noticed a necrophage
  1606 | D:4      | Slain by a necrophage

Illustrated notes

Levels and vault maps discovered:
D:1:      onia_arrival_mini_spirals, layout_loops_corners
D:2:      layout_basic, uniq_natasha, uniq_robin
D:3:      layout_rooms
D:4:      layout_basic, nicolae_gozag_seed_capital, serial_shops,
          nicolae_shop_advertising_works [nicolae_subvault_shop_adworks]

Skill      XL: |  1  2 |
---------------+-------+-----
Short Blades   | 4 |  4.7
Fighting       | |  2.4
Dodging        | |  3.6
Stealth        | |  2.4

Action                   || total
-------------------------++-------
Melee: Short sword       ||   159
Throw: Dart              ||    10
  Use: Scroll            ||     3
       Potion            ||     1
 Stab: Sleeping          ||    10
Armor: Robe              ||    29
Dodge: Dodged            ||    89

Table legend: (Time is in decaauts)
 A = Elapsed time spent in this place.
 B = Non-inter-level travel time spent in this place.
 C = Inter-level travel time spent in this place.
 D = Time resting spent in this place.
 E = Time spent auto-exploring this place.
 F = Levels seen in this place.
 G = Mean time per level.
                   A        B        C        D        E       F      G
               +--------+--------+--------+--------+--------+-----+--------+
         Total |   1590 |   1548 |     42 |      0 |    222 |   4 |  397.5 |
       Dungeon |   1590 |   1548 |     42 |      0 |    222 |   4 |  397.5 |
               +--------+--------+--------+--------+--------+-----+--------+

Top non-repeatable levels by time:
     D:1: 566 daAuts
     D:4: 442 daAuts
     D:3: 312 daAuts
     D:2: 269 daAuts
